 Dungeon Crawl Stone Soup version 0.30-a0-802-gb92711bcdf (webtiles) character file.

Game seed: 3098093761945024295

135 Sabo the Protected (level 5, -1/47 HPs)
             Began as a Gnoll Wanderer on Feb 24, 2023.
             Was a Believer of Wu Jian.
             Succumbed to a scorpion's poison
             ... on level 3 of the Dungeon on Feb 25, 2023.
             The game lasted 00:16:35 (3150 turns).

Sabo the Protected (Gnoll Wanderer)                 Turns: 3150, Time: 00:16:35

Health: -1/47      AC: 10    Str: 11    XL:     5   Next: 18%
Magic:  8/9        EV:  9    Int: 13    God:    Wu Jian [**....]
Gold:   234        SH:  0    Dex: 12    Spells: 9/10 levels left

rFire   + . .      SeeInvis .    g - +1 long sword
rCold   . . .      Faith    .    (no shield)
rNeg    . . .      Spirit   .    d - +2 scale mail
rPois   .          Reflect  .    (no helmet)
rElec   .          Harm     .    (no cloak)
rCorr   .          Rampage  .    (no gloves)
Will    .....                    (no boots) Stlth
                                 (no amulet)
HPRegen 0.27/turn                n - ring of protection from fire
MPRegen 0.11/turn                (no ring)

@: lethally poisoned (-1 -> -8)
A: fangs 1, strong nose, distributed training
a: Renounce Religion, Wall Jump


You were on level 3 of the Dungeon.
You worshipped Wu Jian.
Wu Jian was pleased with you.
You visited 1 branch of the dungeon, and saw 3 of its levels.

You collected 234 gold pieces.

Inventory:

Hand Weapons
 g - a +1 long sword (weapon)
Armour
 d - a +2 scale mail (worn)
Magical Staves
 i - a staff of poison
Jewellery
 n - a ring of protection from fire (left hand)
 r - the ring "Siaketsix" {rElec rF- Str-4 Int+4 Dex+6}
   (You found it on level 3 of the Dungeon)

   [ring of dexterity]

   Str:       It affects your strength (-4).
   Int:       It affects your intelligence (+4).
   Dex:       It affects your dexterity (+6).
   rF:        It makes you vulnerable to fire.
   rElec:     It insulates you from electricity.
Wands
 q - a wand of light (11)
Scrolls
 b - a scroll of silence
 f - a scroll of poison
 h - a scroll of butterflies
 m - a scroll of fog
 o - a scroll of teleportation
 s - 2 scrolls of blinking {unknown}
Potions
 a - 2 potions of flight {unknown}
 c - a potion of invisibility
 e - a potion of might {unknown}
 l - 2 potions of berserk rage {unknown}
 p - 2 potions of resistance {unknown}


   Skills:
 + Level 6.7 Fighting
 + Level 1.4 Short Blades
 + Level 1.4 Long Blades
 + Level 1.4 Axes
 + Level 1.4 Maces & Flails
 + Level 1.4 Polearms
 + Level 1.4 Staves
 + Level 1.4 Ranged Weapons
 + Level 1.4 Throwing
 + Level 8.6 Armour
 + Level 1.4 Dodging
 + Level 1.4 Stealth
 + Level 1.4 Shields
 + Level 1.4 Unarmed Combat
 + Level 3.1 Spellcasting
 + Level 1.1 Conjurations
 + Level 3.9 Hexes
 + Level 1.1 Summonings
 + Level 1.1 Necromancy
 + Level 1.1 Translocations
 + Level 1.1 Transmutations
 + Level 1.1 Fire Magic
 + Level 1.1 Ice Magic
 + Level 1.1 Air Magic
 + Level 1.1 Earth Magic
 + Level 1.1 Poison Magic
 + Level 1.6 Invocations
 + Level 1.4 Evocations


You had 9 spell levels left.
You knew the following spells:

 Your Spells              Type           Power      Damage    Failure   Level
a - Slow                  Hex            48%        N/A       19%         1

Your spell library contained the following spells:

 Spells                   Type           Power      Damage    Failure   Level
 Apportation              Tloc           10%        N/A       52%         1
 Freeze                   Ice            20%        1d4       52%         1
 Inner Flame              Hex/Fire       8%         N/A       71%         3
 Frozen Ramparts          Ice            10%        1d2       88%         3
 Hailstorm                Conj/Ice       5%         3d4       88%         3
 Stone Arrow              Conj/Erth      10%        3d7       88%         3
 Animate Armour           Summ/Erth      10%        N/A       99%         4
 Alistair's Intoxication  Tmut/Pois      3%         N/A       100%        5
 Lehudib's Crystal Spear  Conj/Erth      2%         10d2      100%        8


Dungeon Overview and Level Annotations

Branches:
Dungeon (3/15)

Altars:
Wu Jian

Annotations:
D:3 1 transporter, GiantSquids's ghost, amateur MiBe


Innate Abilities, Weirdness & Mutations

You have very sharp teeth.
Your uncanny sense of smell can sniff out nearby items.
Your experience applies equally to all skills.


Message History

You feel better. The scorpion barely misses you.
GiantSquids's ghost hits you but does no damage.
Casting: Slow (safe; 19% risk of failure)
Confirm with . or Enter, or press ? or * to list all spells.
You don't know that spell.
You hit GiantSquids's ghost. Your bite misses GiantSquids's ghost.
GiantSquids's ghost is lightly damaged.
The scorpion barely misses you. GiantSquids's ghost closely misses you.
The scorpion barely misses you. GiantSquids's ghost barely misses you.
Casting: Slow (safe; 19% risk of failure)
Confirm with . or Enter, or press ? or * to list all spells.
Aiming: Slow (safe; 19% risk of failure)
Press: ? - help, Shift-Dir - straight line, f - GiantSquids's ghost, p - scorpion
Aim: GiantSquids's ghost (lightly damaged, chance to affect: 40%) GiantSquids's ghost resists with some effort.
The scorpion stings you.
* * * LOW HITPOINT WARNING * * *
GiantSquids's ghost closely misses you.
You closely miss the scorpion.
The scorpion is moderately wounded.
The scorpion stings you but does no damage.
GiantSquids's ghost hits you!
* * * LOW HITPOINT WARNING * * *
The scorpion stings you but does no damage.
You barely miss the scorpion.
The scorpion is moderately wounded.
The scorpion stings you but does no damage.
GiantSquids's ghost hits you but does no damage.
You slash the scorpion!
The scorpion is almost dead.
The scorpion stings you.
* * * LOW HITPOINT WARNING * * *
You are lethally poisoned!
The scorpion poisons you!
GiantSquids's ghost hits you but does no damage.
The scorpion stings you but does no damage.
You hit the scorpion.
You kill the scorpion!
The Council accepts your kill.
You die...

....###.###.###.############
#. ....##...##.###..####### #.
.......................## #.
..#.............©.......# #.
#####.......#########...# #.
#......##8..)$.8##..# #.
#.#.#..#.........#..# #.
#.###..#..#.(.#..#..# ####
##.###..#.#.†@W.#.#..# #...
#.......#....©....#..######.##
#..###..#.#.....#.#.........#
#..# #..#..#...#..#..#####..#
#..# #..#©........#..# #..#
#..# #..##8.....8##..#####..#
#..# #...#########.....>.#####
#..# #.......©)......#####....
#..# ##.......(.....## #..#.


You could see GiantSquids's ghost.

Vanquished Creatures
  A scorpion (D:3)
  A gnoll (D:1)
  4 adders
  A worm (D:3)
  5 dart slugs (D:1)
  2 orcs (D:3)
  7 endoplasms
  2 giant cockroaches
  5 goblins
  11 hobgoblins
  2 jackals (D:1)
  4 quokkas
  3 ball pythons
  4 bats
  3 frilled lizards (D:1)
  10 kobolds
  8 rats
73 creatures vanquished.

Notes
Turn   | Place    | Note
-------+----------+-------------------------------------------
     0 | D:1      | Sabo the Gnoll Wanderer began the quest for the Orb.
     0 | D:1      | Sabo set off with the following items: a +0 dagger, a
                  | scroll of silence, a potion of invisibility, a +2 scale
                  | mail; and the following spell memorised: Slow; and the
                  | following spells available to memorise: Inner Flame.
     0 | D:1      | Reached XP level 1. HP: 23/23 MP: 4/4
    85 | D:1      | Reached XP level 2. HP: 29/29 MP: 5/5
   619 | D:1      | Found a faded altar of an unknown god.
   636 | D:1      | Prayed at the altar of an unknown god.
   636 | D:1      | Became a worshipper of the Wu Jian Council
   636 | D:1      | Reached * piety under Wu Jian
   703 | D:1      | Reached XP level 3. HP: 33/35 MP: 7/7
   906 | D:1      | Reached skill level 1 in Invocations
  1091 | D:1      | Reached skill level 1 in Short Blades
  1091 | D:1      | Reached skill level 1 in Long Blades
  1091 | D:1      | Reached skill level 1 in Axes
  1091 | D:1      | Reached skill level 1 in Maces & Flails
  1091 | D:1      | Reached skill level 1 in Polearms
  1091 | D:1      | Reached skill level 1 in Staves
  1091 | D:1      | Reached skill level 1 in Ranged Weapons
  1091 | D:1      | Reached skill level 1 in Throwing
  1091 | D:1      | Reached skill level 1 in Dodging
  1091 | D:1      | Reached skill level 1 in Stealth
  1091 | D:1      | Reached skill level 1 in Shields
  1091 | D:1      | Reached skill level 1 in Unarmed Combat
  1091 | D:1      | Reached skill level 1 in Evocations
  1109 | D:1      | Reached ** piety under Wu Jian
  1461 | D:2      | Reached XP level 4. HP: 35/41 MP: 8/8
  1928 | D:2      | Reached skill level 1 in Conjurations
  1928 | D:2      | Reached skill level 1 in Summonings
  1928 | D:2      | Reached skill level 1 in Necromancy
  1928 | D:2      | Reached skill level 1 in Translocations
  1928 | D:2      | Reached skill level 1 in Transmutations
  1928 | D:2      | Reached skill level 1 in Fire Magic
  1928 | D:2      | Reached skill level 1 in Ice Magic
  1928 | D:2      | Reached skill level 1 in Air Magic
  1928 | D:2      | Reached skill level 1 in Earth Magic
  1928 | D:2      | Reached skill level 1 in Poison Magic
  2564 | D:3      | Noticed a scorpion
  2567 | D:3      | Noticed GiantSquids's ghost (amateur MiBe)
  2587 | D:3      | Reached XP level 5. HP: 39/47 MP: 9/9
  2709 | D:3      | Identified the ring "Siaketsix" {rElec rF- Str-4 Int+4
                  | Dex+6}
  2805 | D:3      | Found a transporter.
  2810 | D:3      | Found a transporter.
  3149 | D:3      | HP: 1/47 [scorpion (2)]
  3150 | D:3      | Succumbed to a scorpion's poison

Illustrated notes

Levels and vault maps discovered:
D:1:      nzn_arrival_crosshair, layout_basic,
          hellmonk_ecumenical_altar_slurped_away, minmay_pentomino_w4
D:2:      layout_loops_cross, st_stairs_14
D:3:      minmay_angry_zag, layout_loops_ring, gammafunk_ghost_arena

Skill      XL: |  1  2  3  4 |
---------------+-------------+-----
Invocations    | 1 |  1.6
Short Blades   | 1 |  1.4
Long Blades    | 1 |  1.4
Axes           | 1 |  1.4
Maces & Flails | 1 |  1.4
Polearms       | 1 |  1.4
Staves         | 1 |  1.4
Ranged Weapons | 1 |  1.4
Throwing       | 1 |  1.4
Dodging        | 1 |  1.4
Stealth        | 1 |  1.4
Shields        | 1 |  1.4
Unarmed Combat | 1 |  1.4
Evocations     | 1 |  1.4
Spellcasting   | 3 |  3.1
Conjurations   | 1 |  1.1
Summonings     | 1 |  1.1
Necromancy     | 1 |  1.1
Translocations | 1 |  1.1
Transmutations | 1 |  1.1
Fire Magic     | 1 |  1.1
Ice Magic      | 1 |  1.1
Air Magic      | 1 |  1.1
Earth Magic    | 1 |  1.1
Poison Magic   | 1 |  1.1
Fighting       | |  6.7
Armour         | |  8.6
Hexes          | |  3.9

Action                     |  1- 3 |  4- 6 || total
---------------------------+-------+-------++-------
  Melee: Dagger            |   128 |       ||   128
         Bite              |    23 |    17 ||    40
         Punch             |     2 |     2 ||     4
         Spear             |    47 |       ||    47
         Long sword        |     5 |   156 ||   161
   Cast: Slow              |       |     4 ||     4
Ability: Whirlwind         |    11 |    18 ||    29
         Lunge             |     6 |     5 ||    11
    Use: Scroll            |     4 |     4 ||     8
         Potion            |       |     4 ||     4
 Armour: Scale mail        |   102 |   111 ||   213
  Dodge: Dodged            |    96 |    80 ||   176

Table legend: (Time is in decaauts)
 A = Elapsed time spent in this place.
 B = Non-inter-level travel time spent in this place.
 C = Inter-level travel time spent in this place.
 D = Time resting spent in this place.
 E = Time spent auto-exploring this place.
 F = Levels seen in this place.
 G = Mean time per level.
                   A        B        C        D        E       F      G
               +--------+--------+--------+--------+--------+-----+--------+
         Total |   3190 |   3190 |      0 |    628 |      0 |   3 | 1063.3 |
       Dungeon |   3190 |   3190 |      0 |    628 |      0 |   3 | 1063.3 |
               +--------+--------+--------+--------+--------+-----+--------+

Top non-repeatable levels by time:
     D:1: 1317 daAuts
     D:3: 1060 daAuts
     D:2: 812 daAuts
